 Dungeon Crawl Stone Soup version 0.30-a0-946-gec5dcfc036 (console) character file.

Game seed: 15155664853467807954

29 utis the Sneak (level 3, -2/21 HPs)
             Began as a Tengu Wanderer on Mar 26, 2023.
             Slain by a gnoll
             ... wielding a +0 spear
              (6 damage)
             ... on level 2 of the Dungeon.
             The game lasted 00:03:21 (1644 turns).

utis the Sneak (Tengu Wanderer)                     Turns: 1644, Time: 00:03:21

Health: -2/21      AC:  6    Str: 14    XL:     3   Next: 16%
Magic:  4/4        EV:  9    Int: 12    God:
Gold:   55         SH:  0    Dex: 13    Spells: 2/2 levels left

rFire   . . .      SeeInvis .    a - +1 dagger (venom)
rCold   . . .      Faith    .    (no shield)
rNeg    . . .      Spirit   .    e - +0 scale mail
rPois   .          Reflect  .    (helmet restricted)
rElec   .          Rampage  .    (no cloak)
rCorr   .                        (no gloves)
Will    .....                    (boots unavailable)
Stlth   +                        (no amulet)
HPRegen 0.23/turn                (no ring)
MPRegen 0.09/turn                (no ring)

@: no status effects
A: beak, talons 3
a: no special abilities


You were on level 2 of the Dungeon.
You visited 1 branch of the dungeon, and saw 2 of its levels.

You collected 55 gold pieces.

Inventory:

Hand Weapons
 a - a +1 dagger of venom (weapon)
 d - a +0 spear
 g - a +0 short sword
 n - a +0 dagger
Missiles
 b - 2 atropa-tipped darts (quivered)
 c - 2 datura-tipped darts
 h - 2 poisoned darts
Armour
 e - a +0 scale mail (worn)
Scrolls
 j - a scroll of vulnerability {unknown}
 k - 3 scrolls of identify {unknown}
 l - a scroll of enchant weapon {unknown}
 m - a scroll of poison {unknown}
 p - a scroll of fear {unknown}
Potions
 f - a potion of berserk rage {!q}
 i - a potion of flight {unknown}
 o - 2 potions of mutation {unknown}


   Skills:
 + Level 2.2 Fighting
 * Level 0.0 Short Blades
 - Level 2.1 Polearms
 - Level 1.0 Throwing
 + Level 1.8 Armour
 + Level 1.3 Dodging
 - Level 5.0 Stealth


You had 2 spell levels left.
You didn't know any spells.
Your spell library was empty.

Dungeon Overview and Level Annotations

Branches:
Dungeon (2/15)

Altars:
Cheibriados


Innate Abilities, Weirdness & Mutations

You have a beak for a mouth.
You have claws for feet.


Message History

The dart slug launches a dart at you. The slug dart hits you.
* * * LOW HITPOINT WARNING * * *
A frilled lizard comes into view.
The frilled lizard hisses angrily.
The frilled lizard attacks as you move away!
The frilled lizard bites you but does no damage.
The frilled lizard attacks as you move away!
The frilled lizard bites you but does no damage.
The frilled lizard attacks as you move away!
The frilled lizard closely misses you.
You hit the frilled lizard.
You kill the frilled lizard!
Okay, then.
Unknown command.
The gnoll closely misses you.
The gnoll hits you from afar with a +0 spear.
You barely miss the gnoll. Your kick misses the gnoll.
You peck the gnoll, but do no damage. The gnoll barely misses you.
The gnoll hits you from afar with a +0 spear.
* * * LOW HITPOINT WARNING * * *
You hit the gnoll.
The gnoll is poisoned.
Your kick misses the gnoll.
The gnoll is moderately wounded.
The gnoll hits you with a +2 spear of pain.
* * * LOW HITPOINT WARNING * * *
The gnoll barely misses you.
You hit the gnoll but do no damage.
The gnoll is heavily wounded.
The gnoll closely misses you.
The gnoll hits you from afar with a +0 spear.
* * * LOW HITPOINT WARNING * * *
You closely miss the gnoll.
The gnoll is heavily wounded.
The gnoll closely misses you. The gnoll hits you but does no damage.
You closely miss the gnoll.
The gnoll is heavily wounded.
The gnoll hits you with a +2 spear of pain.
* * * LOW HITPOINT WARNING * * *
The gnoll hits you from afar with a +0 spear.
You die...

░░░░░░░░
.......░░░░░░░░░░░░░
▒.▒▒..▒.▒▒..░...░░.░░
▒▒.▒..▒▒.▒..░...Qg..░
....▒▒....▒▒░.░.░░g░░
.░░.▒..░░.▒..░░░.░.░
.░░..▒.░░..▒░.░.░░g░
....▒▒....▒▒░░.░░░.░
▒.▒▒..▒.▒▒..░░░░ ░g░
▒▒.▒..▒▒.▒..░ ░░.░░
....▒▒....▒▒░ ░...░
.░░.▒..░░.▒.░ ░g░.░


You could see 2 gnolls.

Vanquished Creatures
  2 endoplasms
  3 giant cockroaches (D:1)
  4 goblins
  3 hobgoblins (D:1)
  4 ball pythons (D:1)
  3 bats
  A frilled lizard (D:2)
  3 kobolds (D:1)
  5 rats
28 creatures vanquished.

Notes
Turn   | Place    | Note
-------+----------+-------------------------------------------
     0 | D:1      | utis the Tengu Wanderer began the quest for the Orb.
     0 | D:1      | utis set off with the following items: a +0 dagger, 2
                  | atropa-tipped darts, 2 datura-tipped darts, a +0 spear, a
                  | +0 scale mail, a potion of berserk rage {!q}.
     0 | D:1      | Reached XP level 1. HP: 12/12 MP: 2/2
   187 | D:1      | Reached XP level 2. HP: 16/16 MP: 3/3
   604 | D:1      | Reached skill level 1 in Dodging
   894 | D:1      | Reached XP level 3. HP: 21/21 MP: 4/4
  1571 | D:2      | Found a snail-covered altar of Cheibriados.
  1644 | D:2      | Slain by a gnoll

Illustrated notes

Levels and vault maps discovered:
D:1:      wander_arrival_lonely_grave, layout_basic, minmay_misc_feat_iff,
          minivault_5
D:2:      layout_loops_corners, basic_altar, minmay_misc_feat_tower,
          nicolae_eternal_life, nicolae_titane

Skill      XL: |  1  2 |
---------------+-------+-----
Dodging        | 1 |  1.3
Fighting       | 2 |  2.2
Polearms       | |  2.1
Throwing       | |  1.0
Armour         | |  1.8
Stealth        | |  5.0

Action                     || total
---------------------------++-------
  Melee: Short sword       ||    56
         Kick              ||    11
         Peck              ||    10
         Dagger            ||    16
         Punch             ||     1
   Stab: Sleeping          ||     1
 Armour: Scale mail        ||    22
  Dodge: Dodged            ||    37

Table legend: (Time is in decaauts)
 A = Elapsed time spent in this place.
 B = Non-inter-level travel time spent in this place.
 C = Inter-level travel time spent in this place.
 D = Time resting spent in this place.
 E = Time spent auto-exploring this place.
 F = Levels seen in this place.
 G = Mean time per level.
                   A        B        C        D        E       F      G
               +--------+--------+--------+--------+--------+-----+--------+
         Total |   1643 |   1625 |     18 |    178 |   1152 |   2 |  821.5 |
       Dungeon |   1643 |   1625 |     18 |    178 |   1152 |   2 |  821.5 |
               +--------+--------+--------+--------+--------+-----+--------+

Top non-repeatable levels by time:
     D:1: 1117 daAuts
     D:2: 526 daAuts
